 Dungeon Crawl Stone Soup version 0.26-a0-466-g989023bd0d (webtiles) character file.

Game seed: 14752150116203146170

1827 HoaS the Grappler (level 9, 0/67 HPs)
             Began as a Ghoul Gladiator on Aug 12, 2020.
             Slain by a sky beast (4 damage)
             ... on level 8 of the Dungeon.
             The game lasted 00:09:32 (3748 turns).

HoaS the Grappler (Ghoul Gladiator)                 Turns: 3748, Time: 00:09:32

Health: 0/67       AC:  3    Str: 19    XL:     9   Next: 11%
Magic:  8/8        EV: 15    Int:  3    God:
Gold:   246        SH:  0    Dex: 18    Spells: 8/8 levels left

rFire    . . .     SeeInvis .     - Unarmed
rCold    + . .     Faith    .   (no shield)
rNeg     + + +     Spirit   .   p - +0 scale mail
rPois    ∞         Reflect  .   b - +0 helmet
rElec    .         Harm     .   (no cloak)
rCorr    .                      (no gloves)
MR       .....                  (no boots)
Stlth    ..........             (no amulet)
HPRegen  0.00/turn              a - +4 ring of evasion
MPRegen  0.11/turn              m - +6 ring of dexterity

@: corroded, very slightly contaminated
A: rotting body, claws 1, cold resistance 1, negative energy resistance 3,
inhibited regeneration, torment resistance, unbreathing
a: no special abilities


You were on level 8 of the Dungeon.
You visited 1 branch of the dungeon, and saw 6 of its levels.

You collected 246 gold pieces.

Inventory:

Missiles
 c - 2 throwing nets (quivered)
 e - 13 poisoned darts
 r - 5 boomerangs
Armour
 b - a +0 helmet (worn)
 p - a +0 scale mail (worn)
Jewellery
 a - a +4 ring of evasion (left claw)
 m - a +6 ring of dexterity (right claw)
 n - an uncursed ring of see invisible
Wands
 s - a wand of random effects (16)
Scrolls
 g - 2 scrolls of teleportation
 i - a scroll of remove curse
 j - 2 scrolls of identify
 o - a scroll of fear
Potions
 d - a potion of flight
 f - a potion of resistance
 h - 2 potions of heal wounds
 k - a potion of brilliance {unknown}
 l - 3 potions of invisibility


   Skills:
 - Level 2.1 Fighting
 - Level 1.7 Throwing
 - Level 2.6 Dodging
 + Level 12.6 Unarmed Combat


You had 8 spell levels left.
You didn't know any spells.
Your spell library was empty.

Dungeon Overview and Level Annotations

Branches:
Dungeon (5/15)
 Temple: D:4-7

Altars:
Fedhas
Vehumet

Shops:
D:4 !


Innate Abilities, Weirdness & Mutations

Your body is rotting away.
You thrive by killing the living.
You are immune to poison.
You have sharp fingernails.
Your flesh is cold resistant. (rC+)
You are immune to negative energy. (rN+++)
You do not regenerate when monsters are visible.
You are immune to unholy pain and torment.
You can survive without breathing.


Message History

The sky beast hits you.
* * * LOW HITPOINT WARNING * * *
The sky beast shocks you.
* * * LOW HITPOINT WARNING * * *
The wight hits you but does no damage. The wight closely misses you.
You closely miss the sky beast.
The sky beast hits you but does no damage.
The wight hits you but does no damage.
You claw the sky beast!
The sky beast is heavily wounded.
The wight closely misses you. The sky beast misses you.
You closely miss the sky beast.
The sky beast is moderately wounded.
The wight hits you with a cursed +3 short sword.
* * * LOW HITPOINT WARNING * * *
The wight closely misses you.
You claw the sky beast!
The sky beast is almost dead.
The sky beast hits you.
You die...

*,,,#..........>.....,,,,,
*********,,#................*****
,,,,,,,,,,*................,**
,,,,,,,,,,*,.............,,,,*
*****,,,,**,*#...#*#...###+##*
**,********,*#...###...##...#
,,,*,,,,,,,,,#.....$....)...#****
,,,+,,,,,,,,,#..............##...
,,,*,,,,,,,,,#.z@................
,,,***,,,,,,*##.Yz##..########...
,,,***,,,,,,**######..#**,,,**,..
,,,,,,,,,,,,,*,,,,(.....,,,,,,,,.
,,,,,,,,,,,,,*,,,........,,,,,,,,
,,,,,,,,,,,,,*,,,.........,,**,,,
,,,,****+*************####****,,,
,,,,****,,,* *,,, ,,,,,,,,,,,*
*,,,


You could see a sky beast and 2 wights.

Vanquished Creatures
  Grinder (D:3)
  A hippogriff (D:3)
  A water moccasin (D:5)
  2 ogres
  A phantom (D:4)
  A necrophage (D:5)
  A centaur (D:5)
  A bullfrog (D:8)
  2 wights (D:8)
  A jelly (D:8)
  A centaur skeleton (D:8)
  A hound (D:3)
  6 orc priests
  Natasha (thrice) (D:3)
  2 iguanas
  4 orc wizards
  3 worker ants
  2 hound skeletons (D:4)
  3 gnolls (D:4)
  2 adders
  An ooze (D:2)
  3 worms
  2 dart slugs
  5 leopard geckos
  8 orcs
  11 bats
  5 giant cockroaches
  8 goblins
  6 hobgoblins
  8 jackals
  5 quokkas
  10 frilled lizards
  3 kobolds
  A leopard gecko zombie (D:5)
  9 rats
124 creatures vanquished.

Notes
Turn   | Place    | Note
-------+----------+-------------------------------------------
     0 | D:1      | HoaS the Ghoul Gladiator began the quest for the Orb.
     0 | D:1      | Reached XP level 1. HP: 17/17 MP: 0/0
   213 | D:1      | Reached XP level 2. HP: 22/24 MP: 1/1
   250 | D:1      | Reached skill level 4 in Unarmed Combat
   600 | D:1      | Reached XP level 3. HP: 29/29 MP: 2/2
  1052 | D:2      | Reached skill level 5 in Unarmed Combat
  1458 | D:2      | Reached XP level 4. HP: 36/36 MP: 3/3
  1779 | D:3      | Reached skill level 6 in Unarmed Combat
  1779 | D:3      | Reached XP level 5. HP: 37/41 MP: 4/4
  2017 | D:3      | Noticed Grinder
  2018 | D:3      | Noticed a hippogriff
  2041 | D:3      | Killed Grinder
  2041 | D:3      | Reached skill level 7 in Unarmed Combat
  2041 | D:3      | Reached XP level 6. HP: 37/48 MP: 5/5
  2053 | D:3      | Killed a hippogriff
  2053 | D:3      | Reached skill level 8 in Unarmed Combat
  2053 | D:3      | Reached XP level 7. HP: 5/55 MP: 6/6
  2276 | D:3      | Noticed Natasha
  2283 | D:3      | Killed Natasha
  2283 | D:3      | Reached skill level 9 in Unarmed Combat
  2371 | D:3      | Noticed Natasha
  2376 | D:3      | Killed Natasha
  2576 | D:3      | Noticed Natasha
  2584 | D:3      | Killed Natasha
  2871 | D:4      | Found a blossoming altar of Fedhas.
  2893 | D:4      | Found Zorem Ulemi's Distillery.
  2924 | D:4      | Reached skill level 10 in Unarmed Combat
  2957 | D:4      | Reached XP level 8. HP: 61/61 MP: 7/7
  3362 | D:4      | Found a radiant altar of Vehumet.
  3372 | D:4      | Reached skill level 11 in Unarmed Combat
  3482 | D:5      | Entered Level 5 of the Dungeon
  3660 | D:5      | Reached skill level 12 in Unarmed Combat
  3703 | D:5      | You fall into a shaft and drop 3 floors!
  3711 | D:8      | Reached XP level 9. HP: 67/67 MP: 8/8
  3748 | D:8      | Slain by a sky beast

Illustrated notes

Levels and vault maps discovered:
D:1:      ncdulo_lavacross, layout_basic
D:2:      kb_forest_paths, layout_basic, grunt_ministairs_4
D:3:      layout_loops_ring, kennysheep_crisscross, uniq_grinder, uniq_natasha
D:4:      layout_loops_cross, fedhas_altar_1, vehumet_crystals, serial_shops,
          shop, eino_tiny_chamber
D:5:      layout_loops_ring, serial_shops, kennysheep_mini_moat, shop,
          nicolae_shop_crystal, minmay_chambers_of_fives
D:8:      layout_gridville, grunt_temple_overflow_open, eino_curves_04

Skill      XL: |  1  2  3  4  5  6  7  8 |
---------------+-------------------------+-----
Unarmed Combat | 4 5 6 7 8 10 12 | 12.6
Fighting       | |  2.1
Throwing       | |  1.7
Dodging        | |  2.6

Action                   |  1- 3 |  4- 6 |  7- 9 || total
-------------------------+-------+-------+-------++-------
Melee: Unarmed           |   117 |    67 |   210 ||   394
       Punch             |     2 |       |     8 ||    10
Throw: Throwing net      |       |       |     3 ||     3
  Use: Scroll            |     6 |     2 |     7 ||    15
       Potion            |       |       |     1 ||     1
 Stab: Held in net/web   |       |       |     2 ||     2
Armor: Leather armour    |     8 |       |       ||     8
       Ring mail         |    29 |    24 |    10 ||    63
       Scale mail        |       |       |    27 ||    27
Dodge: Dodged            |    98 |    68 |   111 ||   277

Table legend: (Time is in decaauts)
 A = Elapsed time spent in this place.
 B = Non-inter-level travel time spent in this place.
 C = Inter-level travel time spent in this place.
 D = Time resting spent in this place.
 E = Time spent auto-exploring this place.
 F = Levels seen in this place.
 G = Mean time per level.
                   A        B        C        D        E       F      G
               +--------+--------+--------+--------+--------+-----+--------+
         Total |   3693 |   3614 |     79 |    338 |   2462 |   6 |  615.5 |
       Dungeon |   3693 |   3614 |     79 |    338 |   2462 |   6 |  615.5 |
               +--------+--------+--------+--------+--------+-----+--------+

Top non-repeatable levels by time:
     D:3: 1114 daAuts
     D:1: 851 daAuts
     D:2: 826 daAuts
     D:4: 650 daAuts
     D:5: 210 daAuts
     D:8: 40 daAuts
